 Dungeon Crawl Stone Soup version 0.31.0-7-gf635a9b802 (webtiles) character file.

Game seed: 1607158694710784863

562 Arctor the Shooter (level 7, -1/41 HPs)
             Began as a Kobold Hexslinger on Jan 24, 2024.
             Splashed by a jelly's acid (9 damage)
             ... on level 5 of the Dungeon.
             The game lasted 00:04:16 (3426 turns).

Arctor the Shooter (Kobold Hexslinger)              Turns: 3426, Time: 00:04:17

Health: -1/41      AC: -1    Str:  8    XL:     7   Next: 57%
Magic:  10/11      EV: 16    Int: 14    God:
Gold:   95         SH:  0    Dex: 17    Spells: 7/12 levels left

rFire   . . .        b - +8 whip "Tigug" {flame, rC+}
rCold   + . .        (no shield)
rNeg    . . .        c - +0 robe
rPois   .            (no helmet)
rElec   .            m - scarf {repulsion}
rCorr   .            d - +0 pair of gloves
SInv    .            (no boots)
Will    .....        (no amulet)
Stlth   +++          (no ring)
HPRegen 0.26/turn    (no ring)
MPRegen 0.12/turn

%: repel missiles
@: brilliant, weak-willed, corroded, jinxed
A: small, no large weapons, nightstalker 3
a: no special abilities


You were on level 5 of the Dungeon.
You visited 1 branch of the dungeon, and saw 5 of its levels.

You collected 200 gold pieces.
You spent 105 gold pieces at shops.

Inventory:

Hand Weapons
 a - a +1 sling
 b - the +8 whip "Tigug" (weapon) {flame, rC+}
   (You found it on level 2 of the Dungeon)

   rC+:       It protects you from cold.
 f - a +2 dagger of speed
Armour
 c - a +0 robe (worn)
 d - a +0 pair of gloves (worn)
 e - a +1 cloak
 m - a scarf of repulsion (worn)
Wands
 r - a wand of quicksilver (2)
Scrolls
 g - 2 scrolls of teleportation
 h - 2 scrolls of blinking
 j - 2 scrolls of identify
 k - a scroll of enchant weapon
 n - 2 scrolls of poison
 p - a scroll of immolation {unknown}
Potions
 i - 3 potions of curing
 o - a potion of mutation {unknown}
 q - a potion of magic {unknown}


   Skills:
 + Level 3.2 Fighting
 + Level 1.1 Maces & Flails
 + Level 4.6 Ranged Weapons
 + Level 4.0 Dodging
 + Level 3.2 Stealth
 + Level 3.0 Spellcasting
 + Level 4.0 Hexes
 + Level 2.7 Fire Magic


You had 7 spell levels left.
You knew the following spells:

 Your Spells              Type           Power      Damage    Failure   Level
a - Jinxbite              Hex            40%        N/A       6%          2
b - Sigil of Binding      Hex            20%        N/A       12%         3

Your spell library contained the following spells:

 Spells                   Type           Power      Damage    Failure   Level
 Inner Flame              Hex/Fire       17%        N/A       16%         3
 Cause Fear               Hex            10%        N/A       38%         4
 Dimensional Bullseye     Hex/Tloc       5%         N/A       67%         4


Dungeon Overview and Level Annotations

Branches:
Dungeon (5/15)
 Temple: D:4-7

Altars:
Elyvilon
Fedhas
Gozag
Ru
The Shining One

Shops:
D:1 (   D:3 ?


Innate Abilities, Weirdness & Mutations

You are small and have problems with some larger weapons.
You are completely attuned to the shadows.


Message History

You feel sick.
You are no longer poisoned.
The scorpion closely misses you.
The black bear attacks as it pursues you!
The black bear misses you. The black bear barely misses you.
The black bear closely misses you. The scorpion barely misses you.
Found 12 gold pieces and 4 stones.
It was a potion of curing.
You feel better.
A gnoll comes into view.
It is wielding a +0 flail and quivering a throwing net.
The black bear bites you but does no damage.
The black bear closely misses you. The black bear claws you.
Found a scroll of identify.
It was a potion of brilliance.
You feel clever all of a sudden.
You hear the slow rusting of a very distant drain.
The black bear bites you. The black bear completely misses you.
The black bear barely misses you.
Casting: Jinxbite (safe; 6% risk of failure)
Confirm with . or Enter, or press ? or * to list all spells.
You feel a surge of power!
You beckon some vexing sprites to accompany your attacks.
You feel your willpower being sapped. The black bear misses you.
The black bear claws you. x2
* * * LOW HITPOINT WARNING * * *
A bombardier beetle comes into view.
A jelly comes into view.
Found a runed whip and 10 gold pieces.
The jelly misses you.
A bombardier beetle comes into view.
An adder comes into view.
The jelly attacks as it pursues you! The jelly barely misses you.
The adder moves out of view.
You whack the jelly! You burn the jelly. The acid corrodes you!
Your hands burn!
* * * LOW HITPOINT WARNING * * *
The jelly is severely wounded.
The jelly misses you.
Found 6 stones and a blade talisman.
The jelly attacks as it pursues you! The jelly hits you.
* * * LOW HITPOINT WARNING * * *
You are splashed with acid!
You die...

#% .#.#
###... ##
#$#B#.#?#
.##.#.#@#
##.B#.#J#..#
(..#.#.#.#..(
#..#h#.#..##
#s#.#.##. #
#$#.#.#)#
..###s..###
#...#.#...#
#.#.#$#.#.#


You could see a black bear, a scorpion and a jelly.

Vanquished Creatures
  Sigmund (D:2)
  A scorpion (D:4)
  A bombardier beetle (D:5)
  2 orc priests (D:3)
  Jessica (D:2)
  Natasha (twice) (D:2)
  3 adders
  4 gnolls
  4 dart slugs
  3 ribbon worms
  4 orcs
  3 ball pythons
  9 endoplasms
  4 giant cockroaches
  6 goblins
  7 hobgoblins
  9 jackals
  2 quokkas
  8 bats
  3 frilled lizards
  11 kobolds
  5 rats
93 creatures vanquished.

Notes
Turn   | Place    | Note
-------+----------+-------------------------------------------
     0 | D:1      | Arctor the Kobold Hexslinger began the quest for the Orb.
     0 | D:1      | Reached XP level 1. HP: 12/12 MP: 2/2
   127 | D:1      | Reached XP level 2. HP: 16/16 MP: 3/3
   175 | D:1      | Learned a level 2 spell: Jinxbite
   211 | D:1      | Found Cesoehao's Weapon Shop.
   358 | D:1      | Reached XP level 3. HP: 21/21 MP: 5/5
   833 | D:2      | Noticed Jessica
   841 | D:2      | Killed Jessica
   842 | D:2      | Reached skill level 1 in Stealth
   842 | D:2      | Reached XP level 4. HP: 22/26 MP: 6/6
   871 | D:2      | Noticed Natasha
   879 | D:2      | Killed Natasha
   880 | D:2      | Reached XP level 5. HP: 9/30 MP: 4/8
  1221 | D:2      | Noticed Sigmund
  1238 | D:2      | Killed Sigmund
  1239 | D:2      | Reached XP level 6. HP: 5/36 MP: 5/9
  1586 | D:2      | Identified the +8 whip "Tigug" {flame, rC+}
  1611 | D:2      | Noticed Natasha
  1769 | D:2      | Killed Natasha
  1846 | D:2      | Learned a level 3 spell: Sigil of Binding
  1874 | D:3      | Found a sacrificial altar of Ru.
  2093 | D:3      | Reached XP level 7. HP: 29/41 MP: 11/11
  2318 | D:3      | Found Ebloo's Magic Scroll Shop.
  2321 | D:3      | Bought a scroll of enchant weapon for 105 gold pieces
  2482 | D:3      | Found a white marble altar of Elyvilon.
  2726 | D:3      | Found a glowing golden altar of the Shining One.
  2735 | D:3      | Found an opulent altar of Gozag.
  2963 | D:4      | Found a blossoming altar of Fedhas.
  3026 | D:4      | Reached skill level 1 in Maces & Flails
  3372 | D:5      | Entered Level 5 of the Dungeon
  3426 | D:5      | Splashed by a jelly's acid

Illustrated notes

Levels and vault maps discovered:
D:1:      dpeg_arrival_pond, layout_loops_ring, serial_shops,
          nicolae_shop_bloodbath_and_beyond
D:2:      layout_basic, uniq_jessica, uniq_natasha, uniq_sigmund
D:3:      layout_loops_ring, minitemple, mainiacjoe_overflow_catwalk,
          lemuel_crystal_altar, serial_shops, nicolae_shop_rolled_up
D:4:      layout_rooms, fedhas_altar_1
D:5:      layout_rooms, gammafunk_ghost_nasty_kobolds, gup_sewer_entry_spiral,
          dk_noncrumbling_4, minmay_starry_boxes, uniq_blork_the_orc

Skill      XL: |  1  2  3  4  5  6  7 |
---------------+----------------------+-----
Ranged Weapons | 3 4 |  4.6
Fighting       | 2 3 |  3.2
Stealth        | 1 2 3 |  3.2
Dodging        | 3 4 |  4.0
Spellcasting   | 2 3 |  3.0
Fire Magic     | 2 |  2.7
Maces & Flails | 1 |  1.1
Hexes          | 4 |  4.0

Action                     |  1- 3 |  4- 6 |  7- 9 || total
---------------------------+-------+-------+-------++-------
  Melee: Dagger            |    46 |    94 |       ||   140
         Punch             |     1 |     1 |     2 ||     4
         Whip              |       |    28 |    73 ||   101
   Fire: Sling             |    44 |     5 |       ||    49
   Cast: Jinxbite          |       |     2 |     2 ||     4
    Use: Scroll            |       |     4 |     1 ||     5
         Potion            |       |       |     2 ||     2
   Stab: Sleeping          |     9 |     7 |     9 ||    25
 Armour: Robe              |    21 |    38 |    35 ||    94
  Dodge: Dodged            |    56 |    70 |    71 ||   197
         Repelled          |       |       |     1 ||     1
